 Dungeon Crawl Stone Soup version 0.27-a0-1278-g6cbc8dfb29 (webtiles) character file.

Game seed: 5037829988612977274

700 bilbop the Bolt Thrower (level 7, -2/44 HPs)
             Began as a Kobold Hunter on June 13, 2021.
             Was an Initiate of Yredelemnul.
             Slain by an orc warrior (10 damage)
             ... on level 4 of the Dungeon.
             The game lasted 00:22:58 (5489 turns).

bilbop the Bolt Thrower (Kobold Hunter)             Turns: 5489, Time: 00:22:59

Health: -2/44      AC:  7    Str: 11    XL:     7   Next: 98%
Magic:  7/7        EV: 14    Int: 12    God:    Yredelemnul [......]
Gold:   265        SH:  0    Dex: 16    Spells: 6/6 levels left

rFire    + . .     SeeInvis .   a - +1 hand crossbow
rCold    . . .     Faith    .   (shield restricted)
rNeg     . . .     Spirit   .   p - +2 ring mail {rF+}
rPois    .         Reflect  .   (no helmet)
rElec    .         Harm     .   (no cloak)
rCorr    .         Rampage  .   (no gloves)
Will     .....                  (no boots)
Stlth    +++.......             (no amulet)
HPRegen  0.14/turn              (no ring)
MPRegen  0.10/turn              (no ring)

@: no status effects
A: small, no large weapons, nightstalker 3
a: Renounce Religion


You were on level 4 of the Dungeon.
You worshipped Yredelemnul.
Yredelemnul was noncommittal.
You visited 1 branch of the dungeon, and saw 5 of its levels.
You also visited: Sewer.

You collected 265 gold pieces.

Inventory:

Hand Weapons
 a - a +1 hand crossbow (weapon)
 b - a +1 dagger of draining
Missiles
 d - 86 bolts (quivered ammo)
Armour
 c - a +0 leather armour
 p - a +2 ring mail of fire resistance (worn)
Scrolls
 e - 5 scrolls of identify {unknown}
 g - 6 scrolls of teleportation {unknown}
 h - a scroll of enchant armour {unknown}
 i - 2 scrolls of blinking {unknown}
 m - 2 scrolls of magic mapping {unknown}
 o - a scroll of torment {unknown}
Potions
 f - a potion of mutation {unknown}
 j - 2 potions of cancellation {unknown}
 k - a potion of might {unknown}
 l - a potion of resistance {unknown}
 n - 3 potions of flight {unknown}
 q - a potion of degeneration {unknown}
 r - a potion of curing {unknown}


   Skills:
 * Level 5.5 Fighting
 + Level 4.0 Short Blades
 + Level 6.1 Crossbows
 + Level 4.6 Dodging
 + Level 4.8 Stealth
 + Level 0.4 Invocations


You had 6 spell levels left.
You didn't know any spells.
Your spell library contained the following spells:

 Spells                   Type           Power      Damage    Failure   Level
 Shock                    Conj/Air       0%         1d3       63%         1
 Summon Small Mammal      Summ           0%         N/A       63%         1
 Call Imp                 Summ           0%         N/A       77%         2
 Static Discharge         Conj/Air       0%         N/A       77%         2
 Call Canine Familiar     Summ           0%         N/A       94%         3
 Summon Guardian Golem    Hex/Summ       0%         N/A       94%         3
 Swiftness                Air            0%         N/A       94%         3
 Airstrike                Air            0%         N/A       100%        4
 Summon Ice Beast         Ice/Summ       0%         N/A       100%        4
 Summon Lightning Spire   Summ/Air       0%         N/A       100%        4
 Lightning Bolt           Conj/Air       0%         1d11      100%        5


Dungeon Overview and Level Annotations

Branches:
Dungeon (5/15)              Sewer (visited)
 Temple: D:4-7

Altars:
Kikubaaqudgha
Xom
Yredelemnul
Beogh


Innate Abilities, Weirdness & Mutations

You are small and have problems with some larger weapons.
You are completely attuned to the shadows.


Message History

* * * LOW HITPOINT WARNING * * *
Fire: 91 bolts
Press: ? - help, Q - select action Shift-Dir - straight line, f/p - orc warrior
Aim: an orc warrior, wielding a +0 long sword and wearing a +0 plate armour (lightly wounded, 69% to hit)
You shoot a bolt.
The bolt closely misses the orc warrior.
The bolt hits the orc wizard.
The orc wizard is heavily wounded.
The orc warrior hits you but does no damage.
Fire: 90 bolts
Press: ? - help, Q - select action Shift-Dir - straight line, f/p - orc warrior
Aim: an orc warrior, wielding a +0 long sword and wearing a +0 plate armour (lightly wounded, 69% to hit)
You shoot a bolt. The bolt hits the orc warrior.
The orc warrior is moderately wounded.
The orc warrior barely misses you. The orc warrior closely misses you.
Fire: 89 bolts
Press: ? - help, Q - select action Shift-Dir - straight line, f/p - orc warrior
Aim: an orc warrior, wielding a +0 long sword and wearing a +0 plate armour (lightly wounded, 69% to hit)
You shoot a bolt. The bolt barely misses the orc warrior.
The bolt hits the orc wizard!
You kill the orc wizard!
Yredelemnul accepts your kill.
The orc warrior hits you with a +0 long sword.
* * * LOW HITPOINT WARNING * * *
There is a stone staircase leading down here.
Fire: 88 bolts
Press: ? - help, Q - select action Shift-Dir - straight line, f/p - orc warrior
Aim: an orc warrior, wielding a +0 long sword and wearing a +0 plate armour (lightly wounded, 69% to hit)
You shoot a bolt.
The bolt hits the orc warrior but does no damage.
The orc warrior is lightly wounded.
The orc warrior misses you.
Fire: 87 bolts
Press: ? - help, Q - select action Shift-Dir - straight line, f/p - orc warrior
Aim: an orc warrior, wielding a +0 long sword and wearing a +0 plate armour (lightly wounded, 69% to hit)
You shoot a bolt.
The bolt closely misses the orc warrior.
The orc warrior hits you with a +0 long sword!
You die...
Your body rises from the dead as a mindless zombie.

#####.# #.# ##(# #.# #.#
#.# #.# #.# #.# #.###.##
#.# #.##...## #<#
#.#.#.#.#### #.#########
#..##......# #..........
#.#.###.##o# #..........
#.##.#.###@################
#.###.####[....)...........
#...........#####.#########
##########.## #.## #.# #..#
#.# ##'######## #.#
##.≈≈≈≈≈≈≈
#############.####
#≈.......
#.............)..#
#≈.######


You could see an orc warrior.

Vanquished Creatures
  Sigmund (D:2)
  Blork the orc (D:4)
  A bullfrog (Sewer)
  A water moccasin skeleton (D:3)
  2 orc priests
  2 scorpion zombies (D:4)
  2 orc wizards
  A hound zombie (D:4)
  8 adders
  An ufetubus (D:4)
  2 adder zombies (D:4)
  A dart slug (D:2)
  8 orcs
  6 bats
  3 endoplasms (D:2)
  11 giant cockroaches
  10 goblins
  6 hobgoblins
  A jackal (D:3)
  15 quokkas
  11 ball pythons
  7 frilled lizards
  4 kobolds
  3 rats
108 creatures vanquished.

Notes
Turn   | Place    | Note
-------+----------+-------------------------------------------
     0 | D:1      | bilbop the Kobold Hunter began the quest for the Orb.
     0 | D:1      | Reached XP level 1. HP: 12/12 MP: 1/1
   151 | D:1      | Reached XP level 2. HP: 18/18 MP: 2/2
   376 | D:1      | Reached skill level 1 in Short Blades
   625 | D:1      | Reached XP level 3. HP: 22/22 MP: 3/3
   832 | D:2      | Reached skill level 5 in Crossbows
  1000 | D:2      | Noticed Sigmund
  1012 | D:2      | Killed Sigmund
  1013 | D:2      | Reached XP level 4. HP: 12/29 MP: 4/4
  1013 | D:2      | Reached XP level 5. HP: 14/33 MP: 5/5
  1244 | D:2      | Reached XP level 6. HP: 38/38 MP: 6/6
  2161 | D:3      | Found an ancient bone altar of Kikubaaqudgha.
  2232 | D:3      | Found a shimmering altar of Xom.
  2313 | D:3      | Found a glowing drain.
  2344 | Sewer    | Entered a sewer
  2619 | Sewer    | Identified the +4 lajatang of Cairuene {freeze, rPois rC++
                  | Will- Dex+2}
  3152 | D:3      | Reached XP level 7. HP: 33/44 MP: 7/7
  3384 | D:3      | HP: 1/44 [something/puff of flame (7)]
  4023 | D:3      | Reached skill level 5 in Fighting
  4193 | D:4      | Noticed Blork the orc
  4199 | D:4      | Killed Blork the orc
  4233 | D:4      | Reached skill level 6 in Crossbows
  4392 | D:4      | Found a basalt altar of Yredelemnul.
  4396 | D:4      | Became a worshipper of Yredelemnul the Dark
  4837 | D:4      | HP: 2/44 [orc warrior (6)]
  4848 | D:5      | Entered Level 5 of the Dungeon
  5147 | D:5      | Noticed a water moccasin
  5489 | D:4      | Slain by an orc warrior

Illustrated notes

Levels and vault maps discovered:
D:1:      enne_arrival_octagon_isle, layout_loops_ring
D:2:      layout_loops_ring, nrook_campfire, grunt_ministairs_12, uniq_sigmund
D:3:      minmay_chambers_of_twos, layout_basic, lemuel_doored_altar,
          xom_teletrap_fun, gup_sewer_entry_pipe, minmay_misc_feat_columns,
          hex_medium, kennysheep_orc_chapel
D:4:      layout_loops_ring, kennysheep_mini_moat,
          nicolae_yredelemnul_corpse_copse, kennysheep_pointless_box,
          uniq_blork_the_orc
D:5:      layout_loops_ring, nicolae_hepliaklqana_monster_ancestors,
          grunt_ministairs_2

Skill      XL: |  1  2  3  4  5  6  7 |
---------------+----------------------+-----
Stealth        | 2 3 4 |  4.8
Short Blades   | 1 2 3 4 |  4.0
Crossbows      | 5 6 |  6.1
Fighting       | 3 4 5 |  5.5
Dodging        | 3 4 |  4.6
Invocations    | |  0.4

Action                   |  1- 3 |  4- 6 |  7- 9 || total
-------------------------+-------+-------+-------++-------
Melee: Dagger            |    34 |    52 |    62 ||   148
 Fire: Hand crossbow     |    26 |    80 |    91 ||   197
 Stab: Sleeping          |     1 |     2 |     1 ||     4
Armor: Leather armour    |     5 |    15 |     2 ||    22
       Ring mail         |       |       |    28 ||    28
Dodge: Dodged            |    21 |    73 |    90 ||   184

Table legend: (Time is in decaauts)
 A = Elapsed time spent in this place.
 B = Non-inter-level travel time spent in this place.
 C = Inter-level travel time spent in this place.
 D = Time resting spent in this place.
 E = Time spent auto-exploring this place.
 F = Levels seen in this place.
 G = Mean time per level.
                   A        B        C        D        E       F      G
               +--------+--------+--------+--------+--------+-----+--------+
         Total |   5635 |   5571 |     64 |    874 |   3908 |   6 |  939.2 |
       Dungeon |   4859 |   4795 |     64 |    820 |   3350 |   5 |  971.8 |
         Sewer |    776 |    776 |      0 |     54 |    558 |   1 |  776.0 |
               +--------+--------+--------+--------+--------+-----+--------+

Top non-repeatable levels by time:
     D:4: 1375 daAuts
     D:3: 1191 daAuts
     D:2: 1158 daAuts
     D:1: 826 daAuts
   Sewer: 776 daAuts
     D:5: 307 daAuts
